 Dungeon Crawl Stone Soup version 0.19.4-10-g532645f (webtiles) character file.

2120 Kosschaser the Grappler (level 9, -6/83 HPs)
             Began as a Troll Monk on Feb 25, 2017.
             Was a Priest of Nemelex Xobeh.
             Mangled by Kosschaser's ghost (22 damage)
             ... on level 8 of the Dungeon.
             The game lasted 00:30:51 (5777 turns).

Kosschaser the Grappler (Troll Monk)                Turns: 5777, Time: 00:30:52

Health: -6/83      AC:  6    Str: 22 (24) XL:     9   Next: 8%
Magic:  9/9        EV: 12    Int:  5 (6)  God:    Nemelex Xobeh [***...]
Gold:   173        SH:  0    Dex: 12      Spells: 0 memorised, 8 levels left

rFire  + . .     SeeInvis .       - Unarmed
rCold  . . .     Gourm    +     H - +0 robe of Gysegu {MR+}
rNeg   + . .     Faith    .     (no shield)
rPois  .         Spirit   .     (helmet restricted)
rElec  .         Reflect  .     I - +0 cloak
rCorr  +         Harm     .     (gloves unavailable)
MR     ++...                    (boots unavailable)
Stlth  ++........               y - amulet of magic regeneration
                                o - ring of resist corrosion
                                C - ring of positive energy

@: very slightly contaminated
A: unfitting armour, claws 3, deterioration 2, fire resistance 1, fast
metabolism 3, gourmand, magic resistance 1, regeneration 1, shaggy fur 1, tough
skin 2, no device heal 1, subdued magic 1
a: Triple Draw, Renounce Religion


You were on level 8 of the Dungeon.
You worshipped Nemelex Xobeh.
Nemelex Xobeh was most pleased with you.
You were very full.

You visited 2 branches of the dungeon, and saw 9 of its levels.

You collected 453 gold pieces.
You spent 280 gold pieces at shops.

Inventory:

Armour
 c - a +0 chain mail
 H - the +0 robe of Gysegu (worn) {MR+}
   (You found it on level 5 of the Dungeon)

   It affects your resistance to hostile enchantments.
 I - a +0 cloak (worn)
Jewellery
 k - an uncursed ring of see invisible
 o - a ring of resist corrosion (right claw)
 y - an amulet of magic regeneration (around neck)
 C - a ring of positive energy (left claw)
 G - an uncursed ring of magical power
Wands
 u - a wand of polymorph (12/24)
 x - a wand of hasting (1/9)
Scrolls
 e - a scroll of blinking
 f - 3 scrolls of amnesia
 g - 4 scrolls of recharging
 h - a scroll of enchant weapon {unknown}
 l - 5 scrolls of teleportation
 n - a scroll of remove curse
 q - 2 scrolls of fear {unknown}
 t - 4 scrolls of magic mapping
 B - 2 scrolls of enchant armour
Potions
 d - 2 potions of resistance {unknown}
 i - 2 potions of haste {unknown}
 j - 3 potions of degeneration {unknown}
 m - 2 potions of heal wounds
 p - a potion of magic {unknown}
 r - 4 potions of lignification
 s - 3 potions of curing {unknown}
 z - 2 potions of cure mutation {unknown}
 A - a potion of berserk rage
 J - a potion of brilliance {unknown}
Miscellaneous
 a - a legendary deck of summoning
 D - an ornate deck of destruction {drawn: 2}
 E - a plain deck of escape {drawn: 6}
 F - a plain deck of escape
Comestibles
 b - 7 bread rations
 w - 5 meat rations


   Skills:
 + Level 3.4 Fighting
 + Level 4.6 Dodging
 + Level 3.1 Stealth
 + Level 9.6 Unarmed Combat
 + Level 1.4 Invocations


You had 8 spell levels left.
You didn't know any spells.

Dungeon Overview and Level Annotations

Branches:
Dungeon (8/15)             Temple (1/1) D:4
   Lair: D:8-11

Altars:
Ashenzari
Cheibriados
Dithmenos
Elyvilon
Fedhas
Gozag
Hepliaklqana
Kikubaaqudgha
Makhleb
Nemelex Xobeh
Okawaru
Qazlal
Ru
Sif Muna
Trog
Uskayaw
Vehumet
Xom
Yredelemnul
Zin
The Shining One

Shops:
D:6 *}}[   D:7 *

Annotations:
D:8 Kosschaser's ghost, novice TrMo


Innate Abilities, Weirdness & Mutations

You are too large for most types of armour.
You have claws for hands.
Your metabolism is lightning-fast.
You like to eat raw meat.
Your natural rate of healing is unusually fast.
You are covered in fur. (AC +1)
You have very tough skin. (AC +2)
Your body often deteriorates upon taking damage.
Your flesh is heat resistant. (rF+)
You are resistant to hostile enchantments. (MR+)
Potions and wands are less effective at restoring your health.
Your spells are a little easier to cast, but a little less powerful.


Message History

Evoke which item? (* to show all) (? for menu, Esc to quit)
You draw a card...
It is the Tomb.
Walls emerge from the floor!
Evoke which item? (* to show all) (? for menu, Esc to quit)
You draw a card...
It is the Tomb.
Walls emerge from the floor!
Your extra speed is starting to run out.
You start resting.
You feel yourself slow down.
You start resting.
The walls disappear!
You claw Kosschaser's ghost! You claw Kosschaser's ghost.
Kosschaser's ghost is severely damaged.
Kosschaser's ghost misses you.
You scratch Kosschaser's ghost but do no damage.
Kosschaser's ghost is severely damaged.
Kosschaser's ghost hits you!
* * * LOW HITPOINT WARNING * * *
Your body deteriorates!
You feel weakened. Kosschaser's ghost hits you!!
You die...
Your body glows with a rainbow of weird colours and disappears.

##...
.....
....
#..#
##..#
#...
#..#
#..#
#@W#
#..#
#..#
##.##
#..#
#..#
#..#
#..#
######
#..#


You could see Kosschaser's ghost.

Vanquished Creatures
  Edmund (D:3)
  Menkaure (D:4)
  A water moccasin (D:5)
  Duvessa (D:7)
  2 sky beasts
  An ice beast (D:5)
  A phantom (D:4)
  An ogre (D:5)
  A big kobold (D:7)
  Dowan (D:7)
  4 scorpions
  3 wights (D:7)
  3 crimson imps
  A centaur zombie (D:6)
  A gnoll shaman (D:7)
  A hound (D:4)
  2 orc wizards
  5 worker ants
  A hound skeleton (D:6)
  A worker ant zombie (D:6)
  12 gnolls
  5 adders
  A shadow imp (D:6)
  2 oozes
  3 adder skeletons
  3 worms
  A dart slug (D:1)
  9 leopard geckos
  13 orcs
  6 giant cockroaches
  8 goblins
  3 hobgoblins
  9 jackals
  4 quokkas
  2 bats
  4 frilled lizards
  6 kobolds
  2 leopard gecko skeletons (D:4)
  A quokka zombie (D:5)
  30 rats
157 creatures vanquished.

Vanquished Creatures (collateral kills)
  An orc warrior (D:6)
  3 orcs (D:6)
4 creatures vanquished.

Vanquished Creatures (others)
  An eye of draining (D:7)
  A wight (D:7)
  A ball lightning (D:6)
3 creatures vanquished.

Grand Total: 164 creatures vanquished

Notes
Turn   | Place    | Note
-------+----------+-------------------------------------------
     0 | D:1      | Kosschaser the Troll Monk began the quest for the Orb.
     0 | D:1      | Reached XP level 1. HP: 22/22 MP: 0/0
   248 | D:1      | Reached XP level 2. HP: 29/29 MP: 1/1
   691 | D:2      | Reached XP level 3. HP: 36/36 MP: 2/2
   723 | D:2      | Found a burning altar of Makhleb.
   723 | D:2      | Found a shimmering altar of Xom.
   949 | D:2      | Found a shattered altar of Ashenzari.
   949 | D:2      | Found a glowing golden altar of the Shining One.
  1944 | D:3      | Reached XP level 4. HP: 44/44 MP: 3/3
  1998 | D:3      | Gained mutation: Your flesh is heat resistant. (rF+) [potion of mutation]
  1998 | D:3      | Gained mutation: Potions and wands are less effective at restoring your health. [potion of mutation]
  1998 | D:3      | Gained mutation: Your body sometimes deteriorates upon taking damage. [potion of mutation]
  1999 | D:3      | Gained mutation: Your spells are a little easier to cast, but a little less powerful. [potion of mutation]
  1999 | D:3      | Gained mutation: Your body often deteriorates upon taking damage. [potion of mutation]
  2012 | D:3      | You fall through a shaft for 2 floors!
  2012 | D:5      | Entered Level 5 of the Dungeon
  2173 | D:3      | Reached skill level 4 in Unarmed Combat
  2496 | D:4      | Noticed Menkaure
  2505 | D:4      | Killed Menkaure
  2505 | D:4      | Reached skill level 5 in Unarmed Combat
  2505 | D:4      | Reached XP level 5. HP: 28/53 MP: 4/4
  2595 | D:4      | Noticed a phantom
  2609 | D:4      | Killed a phantom
  2609 | D:4      | Reached XP level 6. HP: 53/61 MP: 5/5
  2847 | D:4      | Noticed Edmund
  2896 | D:3      | Killed Edmund
  2896 | D:3      | Reached skill level 6 in Unarmed Combat
  3007 | D:4      | Reached XP level 7. HP: 64/67 MP: 6/6
  3038 | D:4      | Found a staircase to the Ecumenical Temple.
  3054 | Temple   | Entered the Ecumenical Temple
  3126 | Temple   | Became a worshipper of Nemelex Xobeh the Trickster
  3126 | Temple   | Received a gift from Nemelex Xobeh
  3126 | Temple   | Received a gift from Nemelex Xobeh
  3126 | Temple   | Reached * piety under Nemelex Xobeh
  3126 | Temple   | Received a gift from Nemelex Xobeh
  3126 | Temple   | Reached ** piety under Nemelex Xobeh
  3830 | D:5      | Reached skill level 7 in Unarmed Combat
  3931 | D:5      | Got a ripped robe
  3967 | D:4      | Identified the +0 robe of Gysegu {MR+} (You found it on level 5 of the Dungeon)
  3979 | D:5      | Reached XP level 8. HP: 42/75 MP: 7/7
  4226 | D:6      | Found Meant's Assorted Antiques.
  4242 | D:6      | Bought a scroll of identify for 66 gold pieces
  4242 | D:6      | Bought a chain mail for 148 gold pieces
  4253 | D:6      | Received a gift from Nemelex Xobeh
  4349 | D:6      | Reached skill level 8 in Unarmed Combat
  4356 | D:6      | Gained mutation: You are resistant to hostile enchantments. (MR+) [mutagenic meat]
  4670 | D:6      | Found a white marble altar of Elyvilon.
  4742 | D:6      | Found Uzienack's Gadget Shop.
  4818 | D:6      | Found Ananuawa's Gadget Shop.
  4857 | D:6      | Found Tiwno's Antique Armour Boutique.
  5069 | D:7      | Found Sel Muule's Assorted Antiques.
  5087 | D:7      | Bought a scroll labeled UTORHO NEAME for 33 gold pieces
  5087 | D:7      | Bought a scroll labeled UTORHO NEAME for 33 gold pieces
  5289 | D:7      | Paralysed by fainting for 5 turns
  5295 | D:7      | Reached skill level 9 in Unarmed Combat
  5299 | D:7      | HP: 2/75 [gnoll/spear (5)]
  5451 | D:7      | Noticed Duvessa
  5451 | D:7      | Noticed Dowan
  5469 | D:7      | Killed Duvessa
  5469 | D:7      | Reached skill level 1 in Invocations
  5478 | D:7      | Killed Dowan
  5504 | D:7      | Reached XP level 9. HP: 82/83 MP: 8/8
  5706 | D:8      | Noticed Kosschaser's ghost (novice TrMo)
  5743 | D:8      | Reached *** piety under Nemelex Xobeh
  5777 | D:8      | Mangled by Kosschaser's ghost

Skill      XL: |  1  2  3  4  5  6  7  8 |
---------------+-------------------------+-----
Dodging        | 3 4 |  4.6
Unarmed Combat | 5 6 7 9 |  9.6
Fighting       | 3 |  3.4
Stealth        | 2 3 |  3.1
Invocations    | 1 |  1.4

Action                   |  1- 3 |  4- 6 |  7- 9 || total
-------------------------+-------+-------+-------++-------
Melee: Unarmed           |    99 |   103 |   260 ||   462
       Punch             |       |     1 |     2 ||     3
Throw: Throwing net      |       |     1 |       ||     1
Evoke: Deck              |       |       |     8 ||     8
       Wand              |       |       |     1 ||     1
  Use: Scroll            |       |     5 |    11 ||    16
       Potion            |       |     2 |       ||     2
 Stab: Sleeping          |     1 |     4 |     4 ||     9
       Held in net/web   |       |     1 |       ||     1
  Eat: Chunk             |    14 |    15 |    26 ||    55
       Pizza             |     1 |       |       ||     1
       Beef jerky        |       |       |     1 ||     1
Armor: Robe              |    29 |    25 |    60 ||   114
       Skin              |       |       |     2 ||     2
Dodge: Dodged            |    43 |    39 |   117 ||   199
